Workbook

Sheet  Journal Page 1
J1: Page: 1
A2: Date | C2: Account Title | D2: Doc. No. | E2: Post Ref. | F2: General | H2: Sales Credit | I2: Cash
F3: Debit | G3: Credit | I3: Debit | J3: Credit | L3: Debit | M3: Credits
A4: Dec. | B4: 1 | C4: S. Claus, Capital | D4: R1 | E4: 310 | G4: 50000 | I4: 50000 | L4: =F28+I28 -> 67255 | M4: =G28+H28+J28 -> 67255
B5: 2 | C5: Workshop Petty Cash | D5: C1 | E5: 111 | F5: 200 | J5: 200
B6: 3 | C6: Toymaking Supplies | D6: M1 | E6: 112 | F6: 5000
C7: Accounts Payable - North Pole Toy Company | E7: 211 | G7: 5000
B8: 4 | C8: Prepaid Sleigh Insurance | D8: C2 | E8: 113 | F8: 2000 | J8: 2000
B9: 5 | C9: Accounts Receivable - Kevin McCallister | D9: S1 | E9: 114 | F9: 100 | H9: 100
B10: 6 | C10: Toymaking Supplies | D10: C3 | E10: 112 | F10: 500 | J10: 500
B11: 7 | C11: Accounts Receivable - Cindy Lou | D11: S2 | E11: 115 | F11: 150 | H11: 150
B12: 8 | C12: Toymaking Supplies | D12: M2 | E12: 112 | F12: 3000
C13: Accounts Payable - Frosty's Craft Supply | E13: 212 | G13: 3000
B14: 9 | C14: Accounts Receivable - Buddy the Elf | D14: S3 | E14: 116 | F14: 375 | H14: 375
B15: 10 | C15: Accounts Receivable - Kevin McCallister | D15: R2 | E15: 114 | G15: 100 | I15: 100
B16: 11 | C16: Holiday Advertising Expense | D16: C4 | E16: 513 | F16: 800 | J16: 800
B17: 12 | C17: Accounts Receivable - Cindy Lou | D17: R3 | E17: 115 | G17: 70 | I17: 70
B18: 13 | C18: North Pole Utilities Expense | D18: C5 | E18: 511 | F18: 600 | J18: 600
B19: 14 | C19: Accounts Receivable - Kevin McCallister | D19: M3 | E19: 114 | F19: 135 | J19: 135
B20: 15 | C20: V | D20: T15 | E20: V | H20: 1000 | I20: 1000
B21: 16 | C21: Toymaking Supplies | D21: C6 | E21: 112 | F21: 400 | J21: 400
B22: 17 | C22: Accounts Receivable - Buddy the Elf | D22: R4 | E22: 116 | G22: 50 | I22: 50
B23: 18 | C23: Prepaid Sleigh Insurance | D23: C7 | E23: 113 | F23: 1500 | J23: 1500
B24: 19 | C24: North Pole Utilities Expense | D24: C8 | E24: 511 | F24: 700 | J24: 700
B25: 20 | C25: Holiday Advertising Expense | D25: C9 | E25: 513 | F25: 50 | J25: 75
C26: Santa's Miscellaneious Expense | E26: 515 | F26: 25
B27: 21 | C27: S. Claus, Drawing | D27: R5 | E27: 311 | F27: 500 | J27: 500
B28: 31 | C28: Totals | F28: =SUM(F4:F27) -> 16035 | G28: =SUM(G4:G26) -> 58220 | H28: =SUM(H4:H26) -> 1625 | I28: =SUM(I4:I26) -> 51220 | J28: =SUM(J4:J27) -> 7410
F29: v | G29: v | H29: 410 | I29: 110 | J29: 110

Sheet Journal Page 2
J1: Page: 2
A2: Date | C2: Account Title | D2: Doc. No. | E2: Post Ref. | F2: General | H2: Sales Credit | I2: Cash
F3: Debit | G3: Credit | I3: Debit | J3: Credit
C4: Adjusting Entries
A5: Dec | B5: 31 | C5: Toymaking Supplies Expense | E5: 512 | F5: 3900
C6: Toymaking Supplies | E6: 112 | G6: 3900
B7: 31 | C7: Sleigh Insurance Expense | E7: 514 | F7: 1500
C8: Prepaid Sleigh Insurance | E8: 113 | G8: 1500
C9: Closing Entries
B10: 31 | C10: Hoiday Gift Delivery Revenue | E10: 410 | F10: =' Revenue & Exp. Ledgers'!J4 -> 1625
C11: Income Summary | E11: 312 | G11: =F10 -> 1625
B12: 31 | C12: Income Summary | E12: 312 | F12: =SUM(G13:G18) -> 7575
C13: Reindeer Fuel Expense | E13: 510 | G13: 0
C14: North Pole Utilities Expense | E14: 511 | G14: =' Revenue & Exp. Ledgers'!I23 -> 1300
C15: Toymaking Supplies Expense | E15: 512 | G15: =' Revenue & Exp. Ledgers'!I31 -> 3900
C16: Holiday Advertising Expense | E16: 513 | G16: =' Revenue & Exp. Ledgers'!I41 -> 850
C17: Sleigh Insurance Expense | E17: 514 | G17: =' Revenue & Exp. Ledgers'!I49 -> 1500
C18: Santa’s Miscellaneous Expense | E18: 515 | G18: =' Revenue & Exp. Ledgers'!I58 -> 25
B19: 31 | C19: S. Claus, Capital | E19: 310 | F19: 5950
C20: Income Summary | E20: 312 | G20: =F19 -> 5950
B21: 31 | C21: S. Claus, Capital | E21: 310 | F21: ='Owner Equity Ledgers'!I13 -> 500
C22: S. Claus, Drawing | E22: 311 | G22: =F21 -> 500
A23: 31 | C23: Totals | F23: =SUM(F5:F22) -> 21050 | G23: =SUM(G5:G22) -> 21050 | H23: =SUM(H5:H22) -> 0 | I23: =SUM(I5:I22) -> 0 | J23: =SUM(J5:J22) -> 0

Sheet Asset Ledgers
A1: Account | B1: Christmas Cash | I1: Account No. | J1: 110
I2: Balance
A3: DATE | C3: ITEM | F3: POST REF | G3: DEBIT | H3: CREDIT | I3: DEBIT | J3: CREDIT
A4: Dec. | B4: 31 | F4: 1 | G4: =' Journal Page 1'!I28 -> 51220 | I4: =G4 -> 51220 | L4: =I5+I10+I20+I27+I35+I42+I50 -> 56950
B5: 31 | F5: 1 | H5: =' Journal Page 1'!J28 -> 7410 | I5: =I4-H5 -> 43810
A7: Account | B7: Workshop Petty Cash | I7: Account No. | J7: 111
I8: Balance
A9: DATE | C9: ITEM | F9: POST REF | G9: DEBIT | H9: CREDIT | I9: DEBIT | J9: CREDIT
A10: Dec | B10: 2 | F10: 1 | G10: =' Journal Page 1'!F5 -> 200 | I10: =G10 -> 200
A14: Account | B14: Toymaking Supplies | I14: Account No. | J14: 112
I15: Balance
A16: DATE | C16: ITEM | F16: POST REF | G16: DEBIT | H16: CREDIT | I16: DEBIT | J16: CREDIT
A17: Dec | B17: 3 | F17: 1 | G17: 5000 | I17: =G17 -> 5000
B18: 6 | F18: 1 | G18: 500 | I18: =I17+G18 -> 5500
B19: 8 | F19: 1 | G19: 3000 | I19: =I18+G19 -> 8500
B20: 15 | F20: 1 | G20: 400 | I20: =I19+G20 -> 8900
B21: 31 | C21: adjusting | H21: 3900 | I21: =I20-H21 -> 5000
A23: Account | B23: Prepaid Sleigh Insurance | I23: Account No. | J23: 113
I24: Balance
A25: DATE | C25: ITEM | F25: POST REF | G25: DEBIT | H25: CREDIT | I25: DEBIT | J25: CREDIT
A26: Dec. | B26: 4 | F26: 1 | G26: 2000 | I26: 2000
B27: 18 | F27: 1 | G27: 1500 | I27: =I26+G27 -> 3500
B28: 31 | C28: adjusting | F28: 2 | H28: 1500 | I28: =I27-H28 -> 2000
A30: Account | B30: Accounts Receivable - Kevin McCallister | I30: Account No. | J30: 114
I31: Balance
A32: DATE | C32: ITEM | F32: POST REF | G32: DEBIT | H32: CREDIT | I32: DEBIT | J32: CREDIT
A33: Dec | B33: 5 | F33: 1 | G33: 100 | I33: =G33 -> 100
B34: 10 | F34: 1 | H34: 100 | I34: =I33-H34 -> 0
B35: 14 | F35: 1 | G35: 135 | I35: 135
A38: Account | B38: Accounts Receivable -Cindy Lou | I38: Account No. | J38: 115
I39: Balance
A40: DATE | C40: ITEM | F40: POST REF | G40: DEBIT | H40: CREDIT | I40: DEBIT | J40: CREDIT
A41: Dec | B41: 7 | F41: 1 | G41: 150 | I41: =G41 -> 150
B42: 12 | F42: 1 | H42: 70 | I42: =I41-H42 -> 80
A46: ` | B46: Accounts Receivable - Buddy the Elf | I46: Account No. | J46: 116
I47: Balance
A48: DATE | C48: ITEM | F48: POST REF | G48: DEBIT | H48: CREDIT | I48: DEBIT | J48: CREDIT
A49: Dec | B49: 9 | F49: 1 | G49: 375 | I49: =G49 -> 375
B50: 17 | F50: 1 | H50: 50 | I50: =I49-H50 -> 325

Sheet Liability Ledgers
B1: Accounts Payable - North Pole Toy Company | I1: Account No. | J1: 210
I2: Balance
A3: DATE | C3: ITEM | F3: POST REF | G3: DEBIT | H3: CREDIT | I3: DEBIT | J3: CREDIT | L3: =J4+J23 -> 8000
A4: Dec | B4: 3 | F4: 1 | H4: 5000 | J4: =H4 -> 5000
B10: Jingle Bell Suppply Co. | I10: Account No. | J10: 211
I11: Balance
A12: DATE | C12: ITEM | F12: POST REF | G12: DEBIT | H12: CREDIT | I12: DEBIT | J12: CREDIT
B20: Accounts Payable - Frosty's Craft Supply | I20: Account No. | J20: 212
I21: Balance
A22: DATE | C22: ITEM | F22: POST REF | G22: DEBIT | H22: CREDIT | I22: DEBIT | J22: CREDIT
A23: Dec | B23: 8 | F23: 1 | H23: 3000 | J23: =H23 -> 3000

Sheet Owner Equity Ledgers
B1: S. Claus Capital | I1: Account No. | J1: 310
I2: Balance
A3: DATE | C3: ITEM | F3: POST REF | G3: DEBIT | H3: CREDIT | I3: DEBIT | J3: CREDIT
A4: Dec. | B4: 1 | F4: 1 | H4: =' Journal Page 1'!G4 -> 50000 | J4: =H4 -> 50000
B5: 31 | C5: closing | F5: 2 | G5: 5950 | J5: =J4-G5 -> 44050
B6: 31 | C6: closing | F6: 2 | G6: 500 | J6: =J5-G6 -> 43550
B10: S. Claus Drawing | I10: Account No. | J10: 311
I11: Balance
A12: DATE | C12: ITEM | F12: POST REF | G12: DEBIT | H12: CREDIT | I12: DEBIT | J12: CREDIT
A13: Dec. | B13: 21 | F13: 1 | G13: 500 | I13: =G13 -> 500
B14: 31 | C14: closing | F14: 2 | H14: 500 | I14: 0
B19: Income Summary | I19: Account No. | J19: 312
I20: Balance
A21: DATE | C21: ITEM | F21: POST REF | G21: DEBIT | H21: CREDIT | I21: DEBIT | J21: CREDIT
A22: Dec. | B22: 31 | C22: closing | F22: 2 | H22: 1625 | I22: -1625
B23: 31 | C23: closing | F23: 2 | G23: 7575 | I23: =I22+G23 -> 5950
B24: 31 | C24: closing | H24: 5950 | I24: 0

Sheet  Revenue & Exp. Ledgers
B1: Holiday Gift Delivery Revenue | I1: Account No. | J1: 410
I2: Balance
A3: DATE | C3: ITEM | F3: POST REF | G3: DEBIT | H3: CREDIT | I3: DEBIT | J3: CREDIT
A4: Dec. | B4: 31 | F4: 1 | H4: =' Journal Page 1'!H28 -> 1625 | J4: =H4 -> 1625
B5: 31 | C5: closing | F5: 2 | G5: =H4 -> 1625 | J5: =J4-G5 -> 0
B10: Reindeer Fuel Expense | I10: Account No. | J10: 510
I11: Balance
A12: DATE | C12: ITEM | F12: POST REF | G12: DEBIT | H12: CREDIT | I12: DEBIT | J12: CREDIT
L14: =I23+I41+I58 -> 2175
B19: North Pole Utilities Expense | I19: Account No. | J19: 511
I20: Balance
A21: DATE | C21: ITEM | F21: POST REF | G21: DEBIT | H21: CREDIT | I21: DEBIT | J21: CREDIT
A22: Dec | B22: 13 | F22: 1 | G22: 600 | I22: =G22 -> 600
B23: 19 | F23: 1 | G23: 700 | I23: =I22+G23 -> 1300
B24: 31 | C24: closing | F24: 2 | H24: 1300 | I24: 0
B28: Toy Making Supplies Expense | I28: Account No. | J28: 512
I29: Balance
A30: DATE | C30: ITEM | F30: POST REF | G30: DEBIT | H30: CREDIT | I30: DEBIT | J30: CREDIT
A31: Dec | B31: 31 | C31: adjusting | F31: 2 | G31: 3900 | I31: 3900
B32: 31 | C32: closing | F32: 2 | H32: 3900 | I32: 0
B37: Holiday Advertising Expense | I37: Account No. | J37: 513
I38: Balance
A39: DATE | C39: ITEM | F39: POST REF | G39: DEBIT | H39: CREDIT | I39: DEBIT | J39: CREDIT
A40: Dec. | B40: 11 | F40: 1 | G40: 800 | I40: =G40 -> 800
B41: 20 | F41: 1 | G41: 50 | I41: =I40+G41 -> 850
B42: 31 | C42: closing | F42: 2 | H42: 850 | I42: 0
B46: Sleigh Insurance Expense | I46: Account No. | J46: 514
I47: Balance
A48: DATE | C48: ITEM | F48: POST REF | G48: DEBIT | H48: CREDIT | I48: DEBIT | J48: CREDIT
A49: Dec | B49: 31 | C49: adjusting | F49: 2 | G49: 1500 | I49: =G49 -> 1500
B50: 31 | C50: closing | F50: 2 | H50: 1500 | I50: 0
B55: Santa's Miscellaneous Expense | I55: Account No. | J55: 515
I56: Balance
A57: DATE | C57: ITEM | F57: POST REF | G57: DEBIT | H57: CREDIT | I57: DEBIT | J57: CREDIT
A58: Dec | B58: 20 | F58: 1 | G58: 25 | I58: =G58 -> 25
B59: 31 | C59: closing | F59: 2 | H59: 25 | I59: 0

Sheet Worksheet
A1: Santa's Toy Delivery Company
A2: Work Sheet
A3: For the month ended December 31, 2024
B5: Trial Balance | D5: Adjustments | F5: Income Statement | H5: Balance Sheet
A6: Account Title | B6: Debit | C6: Credit | D6: Debit | E6: Credit | F6: Debit | G6: Credit | H6: Debit | I6: Credit
A7: Christmas Cash | B7: ='Asset Ledgers'!I5 -> 43810 | H7: =B7 -> 43810
A8: Workshop Petty Cash | B8: ='Asset Ledgers'!I10 -> 200 | H8: =B8 -> 200
A9: Toymaking Supplies | B9: ='Asset Ledgers'!I20 -> 8900 | E9: =B9-H9 -> 3900 | H9: 5000
A10: Prepaid Sleigh Insurance | B10: ='Asset Ledgers'!I27 -> 3500 | E10: =B10-H10 -> 1500 | H10: 2000
A11: Accounts Receivable -Kevin McCallister | B11: ='Asset Ledgers'!I35 -> 135 | H11: =B11-E11 -> 135
A12: Accounts Receivable - Cindy Lou | B12: ='Asset Ledgers'!I42 -> 80 | H12: =B12-E12 -> 80
A13: Accounts Receivable -Buddy the Elf | B13: ='Asset Ledgers'!I50 -> 325 | H13: =B13 -> 325
A14: Accounts Payable - North Pole Toy Company | C14: ='Liability Ledgers'!J4 -> 5000 | I14: =C14 -> 5000
A15: Accounts Payable -Jingle Bell Supply Co. | C15: 0 | I15: =C15 -> 0
A16: Accounts Payable - Frosty’s Craft Supply | C16: ='Liability Ledgers'!J23 -> 3000 | I16: =C16 -> 3000
A17: S. Claus Capital | C17: ='Owner Equity Ledgers'!J4 -> 50000 | I17: =C17 -> 50000
A18: S. Claus Drawing | B18: ='Owner Equity Ledgers'!I13 -> 500 | H18: =B18 -> 500
A19: Income Summary
A20: Holiday Gift Delivery Revenue | C20: =' Revenue & Exp. Ledgers'!J4 -> 1625 | G20: =C20 -> 1625
A21: Reindeer Fuel Expense | B21: 0 | F21: =B21 -> 0
A22: North Pole Utilities Expense | B22: =' Revenue & Exp. Ledgers'!I23 -> 1300 | F22: =B22 -> 1300
A23: Toy Making Supplies Expense | D23: =E9 -> 3900 | F23: =D23 -> 3900
A24: Holiday Advertising Expense | B24: =' Revenue & Exp. Ledgers'!I41 -> 850 | F24: =B24 -> 850
A25: Sleigh Insurance Expense | D25: =E10 -> 1500 | F25: =D25 -> 1500
A26: Santa’s Miscellaneous Expense | B26: =' Revenue & Exp. Ledgers'!I58 -> 25 | F26: =B26 -> 25
B27: =SUM(B7:B26) -> 59625 | C27: =SUM(C7:C26) -> 59625 | D27: =SUM(D7:D26) -> 5400 | E27: =SUM(E7:E26) -> 5400 | F27: =SUM(F7:F26) -> 7575 | G27: =SUM(G7:G26) -> 1625 | H27: =SUM(H7:H26) -> 52050 | I27: =SUM(I7:I26) -> 58000
A28: Net Loss | G28: =F27-G27 -> 5950 | H28: =G28 -> 5950
F29: =SUM(F27:F28) -> 7575 | G29: =SUM(G27:G28) -> 7575 | H29: =SUM(H27:H28) -> 58000 | I29: =SUM(I27:I28) -> 58000

Sheet Financial Statements
A2: Santa's Toy Delivery Company | E2: Santa's Toy Delivery Company
A3: Income Statement | E3: Balance Sheet
A4: For month ended December 31, 2024 | E4: December 31, 2024
A6: Revenue: | E6: Assets | H6: Liabilities
A7: Holiday Gift Delivery Revenue | C7: =Worksheet!G20 -> 1625 | E7: Christmas Cash | F7: 43810 | H7: Accounts Payable - North Pole Toy Company | I7: 5000
A8: Expenses: | E8: Workshop Petty Cash | F8: 200 | H8: Accounts Payable -Jingle Bell Supply Co. | I8: 0
A9: Reindeer Fuel Expense | B9: 0 | E9: Toymaking Supplies | F9: 5000 | H9: Accounts Payable - Frosty’s Craft Supply | I9: 3000
A10: North Pole Utilities Expense | B10: 1300 | E10: Prepaid Sleigh Insurance | F10: 2000 | H10: Total Liabilities | I10: =SUM(I7:I9) -> 8000
A11: Toy Making Supplies Expense | B11: 3900 | E11: Accounts Receivable -Kevin McCallister | F11: 135 | H11: Owner's Equity
A12: Holiday Advertising Expense | B12: 850 | E12: Accounts Receivable - Cindy Lou | F12: 80 | H12: S. Claus, Capital | I12: 43550
A13: Sleigh Insurance Expense | B13: 1500 | E13: Accounts Receivable -Buddy the Elf | F13: 325
A14: Santa’s Miscellaneous Expense | B14: 25 | E14: Total Assets | F14: =SUM(F7:F13) -> 51550 | H14: Total Liabilies & Owner's Equity | I14: =I10+I12 -> 51550
A15: Total Expenses | C15: =SUM(B9:B14) -> 7575
A16: Net Loss | C16: =C7-C15 -> -5950
A18: Santa's Toy Delivery Company
A19: Statement of Owner's Equity
A20: For month ended December 31, 2024
A22: S. Claus, Capital, December 1 | C22: =Worksheet!I17 -> 50000
A23: Less: Net Loss | B23: 5950
A24: Less: S. Clau, Drawing | B24: =Worksheet!H18 -> 500 | C24: =B23+B24 -> 6450
A25: S. Claus, Capital, December 31 | C25: =C22-C24 -> 43550

Sheet Post-Closing Trial Balance
A1: Santa's Toy Delivery Company
A2: Post Closing Trial Balance
A3: December 31, 2024
B4: Debit | C4: Credit
A5: Christmas Cash | B5: 43810
A6: Workshop Petty Cash | B6: 200
A7: Toymaking Supplies | B7: 5000
A8: Prepaid Sleigh Insurance | B8: 2000
A9: Accounts Receivable -Kevin McCallister | B9: 135
A10: Accounts Receivable - Cindy Lou | B10: 80
A11: Accounts Receivable -Buddy the Elf | B11: 325
A12: Accounts Payable - North Pole Toy Company | C12: 5000
A13: Accounts Payable -Jingle Bell Supply Co. | C13: 0
A14: Accounts Payable - Frosty’s Craft Supply | C14: 3000
A15: S. Claus, Capital | C15: 43550
A16: Totals | B16: =SUM(B5:B15) -> 51550 | C16: =SUM(C5:C15) -> 51550
